 Dungeon Crawl Stone Soup version 0.28-b1-25-g9875b3fc8c (webtiles) character file.

Game seed: 12833352028300554244

88 sanka the Ducker (level 4, -2/28 HPs)
             Began as a Kobold Warper on Feb 7, 2022.
             Slain by a hobgoblin (3 damage)
             ... on level 3 of the Dungeon.
             The game lasted 00:03:25 (3400 turns).

sanka the Ducker (Kobold Warper)                    Turns: 3400, Time: 00:03:26

Health: -2/28      AC:  3    Str:  8    XL:     4   Next: 81%
Magic:  7/7        EV: 14    Int: 16    God:
Gold:   64         SH:  0    Dex: 14    Spells: 7/7 levels left

rFire   . . .      SeeInvis .   a - +2 short sword (drain)
rCold   . . .      Faith    .   (no shield)
rNeg    . . .      Spirit   .   p - +0 leather armour
rPois   .          Reflect  .   (no helmet)
rElec   .          Harm     .   (no cloak)
rCorr   .          Rampage  .   (no gloves)
Will    .....                   (no boots)
Stlth   ++........              (no amulet)
HPRegen 0.09/turn               (no ring)
MPRegen 0.10/turn               (no ring)

@: no status effects
A: small, no large weapons, nightstalker 3
a: no special abilities


You were on level 3 of the Dungeon.
You visited 1 branch of the dungeon, and saw 3 of its levels.

You collected 64 gold pieces.

Inventory:

Hand Weapons
 a - a +2 short sword of draining (weapon)
 b - a +0 mace
Missiles
 d - 5 boomerangs of dispersal (quivered)
Armour
 p - a +0 leather armour (worn)
Jewellery
 e - a ring of wizardry
 m - a ring of ice
Scrolls
 c - a scroll of blinking
 f - a scroll of vulnerability {unknown}
 g - 2 scrolls of torment
 h - a scroll of teleportation {unknown}
 i - a scroll of magic mapping {unknown}
 n - a scroll of identify {unknown}
Potions
 j - 2 potions of curing {unknown}
 k - a potion of brilliance {unknown}
 l - a potion of resistance {unknown}
 o - 3 potions of degeneration {unknown}
 q - a potion of berserk rage {unknown}


   Skills:
 + Level 3.1 Fighting
 - Level 3.2 Maces & Flails
 - Level 1.1 Throwing
 - Level 0.7 Armour
 + Level 3.4 Dodging
 - Level 2.1 Spellcasting
 - Level 3.0 Translocations


You had 7 spell levels left.
You didn't know any spells.
Your spell library contained the following spells:

 Spells                   Type           Power      Damage    Failure   Level
 Blink                    Tloc           22%        N/A       13%         2
 Gell's Gravitas          Tloc           11%        N/A       26%         3
 Lesser Beckoning         Tloc           11%        N/A       26%         3
 Teleport Other           Tloc           11%        N/A       26%         3
 Manifold Assault         Tloc           11%        N/A       93%         5
 Summon Forest            Summ/Tloc      3%         N/A       99%         5
 Eringya's Noxious Bog    Tmut/Pois      0%         N/A       100%        6
 Summon Hydra             Summ           0%         N/A       100%        7


Dungeon Overview and Level Annotations

Branches:
Dungeon (3/15)

Altars:

Annotations:
D:2 Natasha
D:3 Ijyb


Innate Abilities, Weirdness & Mutations

You are small and have problems with some larger weapons.
You are completely attuned to the shadows.


Message History

The orc hits you with a +0 flail!
You hit the orc but do no damage. You drain the orc.
The orc is heavily wounded.
The orc closely misses you.
You barely miss the orc.
The orc is heavily wounded.
The orc completely misses you.
You closely miss the orc.
The orc is heavily wounded.
You hit the orc.
The orc is lightly wounded.
You closely miss the orc. Your punch misses the orc.
The orc is lightly wounded.
The orc barely misses you.
You hit the orc.
The orc is moderately wounded.
The orc barely misses you.
You barely miss the orc.
The orc is moderately wounded.
The orc misses you.
An orc priest comes into view. It is wielding a +0 short sword.
The orc misses you.
The orc priest shouts!
You hit the orc but do no damage. You drain the orc.
The orc is severely wounded.
The orc barely misses you.
You hit the orc.
You kill the orc!
The orc priest invokes the aid of Beogh against you.
Beogh smites you! The goblin hits you but does no damage.
The orc priest calls down the wrath of Beogh upon you.
Beogh smites you!
* * * LOW HITPOINT WARNING * * *
You hear a shout!
A hobgoblin comes into view.
The hobgoblin barely misses you.
There is a stone staircase leading up here.
The goblin barely misses you. The hobgoblin hits you.
You die...

#...#
#..#...##.....#####
#.### ....)......##.#
#.# ####.#.##.###.#
#.### ####......# #.#
..... #...<....####.#
#.... #.#........##.#
...## ##.
#.####+##...# )..#
#..##o.##.⌠.##..##
.###
#g@g..##...##..## ##
#...###o.##...##..##
+.........##...##..##
+.#.#......''.⌠.++..#
#
###.#.....##...##...#
##.o....##...##....#
##......##...##...###
#......##.⌠.##..#.# .
##.##.####'##..##.#


You could see an orc priest, an orc (drained), a hobgoblin and a goblin.

Vanquished Creatures
  Natasha (D:2)
  An adder skeleton (D:2)
  2 worms
  A dart slug (D:3)
  6 orcs
  5 ball pythons
  An endoplasm (D:2)
  2 giant cockroaches (D:2)
  5 goblins
  4 hobgoblins
  A quokka (D:2)
  5 bats (D:1)
  2 frilled lizards
  5 kobolds
  3 rats
44 creatures vanquished.

Notes
Turn   | Place    | Note
-------+----------+-------------------------------------------
     0 | D:1      | sanka the Kobold Warper began the quest for the Orb.
     0 | D:1      | Reached XP level 1. HP: 12/12 MP: 3/3
   301 | D:1      | Found a faded altar of an unknown god.
   410 | D:1      | Reached XP level 2. HP: 17/17 MP: 5/5
  1042 | D:2      | You fall into a shaft and drop 1 floor!
  1110 | D:3      | Reached XP level 3. HP: 20/21 MP: 6/6
  2476 | D:2      | Noticed Natasha
  2482 | D:2      | Reached XP level 4. HP: 27/27 MP: 7/7
  2484 | D:2      | Killed Natasha
  2645 | D:2      | Noticed Natasha
  3278 | D:3      | Noticed Ijyb
  3396 | D:3      | HP: 1/28 [orc priest/divine providence (9)]
  3400 | D:3      | Slain by a hobgoblin

Illustrated notes

Levels and vault maps discovered:
D:1:      denvon_arrival_waterhouse, layout_loops_ring,
          chequers_ecumenical_altar_grove, kennysheep_minor_cross
D:2:      layout_basic, uniq_natasha
D:3:      layout_rooms, mainiacjoe_overflow_24_doors, grunt_decor_arrowhead,
          kennysheep_generic_room_5, uniq_ijyb

Skill      XL: |  1  2  3  4 |
---------------+-------------+-----
Maces & Flails | 2 3 |  3.2
Fighting       | 3 |  3.1
Dodging        | 3 |  3.4
Throwing       | |  1.1
Armour         | |  0.7
Spellcasting   | |  2.1
Translocations | |  3.0

Action                   |  1- 3 |  4- 6 || total
-------------------------+-------+-------++-------
Melee: Mace              |    95 |       ||    95
       Short sword       |    22 |    39 ||    61
  Use: Scroll            |       |     2 ||     2
 Stab: Sleeping          |    13 |     1 ||    14
Armor: Leather armour    |    19 |     3 ||    22
Dodge: Dodged            |    67 |    36 ||   103
